 Dungeon Crawl Stone Soup version 0.25.1-2-g60ff931df9 (webtiles) character file.

Game seed: 8804677229082655058

39 Acheron the Ducker (level 3, -2/22 HPs)
             Began as a Deep Elf Chaos Knight on Aug 14, 2020.
             Was a Plaything of Xom.
             Slain by a worm (7 damage)
             ... on level 3 of the Dungeon.
             The game lasted 00:05:39 (1273 turns).

Acheron the Ducker (Deep Elf Chaos Knight)          Turns: 1273, Time: 00:05:39

Health: -2/22      AC:  5    Str: 10    XL:     3   Next: 28%
Magic:  6/6        EV: 12    Int: 16    God:    Xom [..*...]
Gold:   58         SH:  0    Dex: 14    Spells: 4/4 levels left

rFire    . . .     SeeInvis .   a - +0 hand axe (chaos)
rCold    . . .     Gourm    .   (no shield)
rNeg     . . .     Faith    .   b - +2 leather armour
rPois    .         Spirit   .   (no helmet)
rElec    .         Reflect  .   (no cloak)
rCorr    .         Harm     .   (no gloves)
MR       .....                  (no boots)
Stlth    ++........             (no amulet)
HPRegen  0.07/turn              (no ring)
MPRegen  0.10/turn              (no ring)

@: no status effects
A: no striking features
a: Renounce Religion


You were on level 3 of the Dungeon.
You worshipped Xom.
You were a toy of Xom.
You were not hungry.

You visited 1 branch of the dungeon, and saw 3 of its levels.

You collected 58 gold pieces.

Inventory:

Hand Weapons
 a - a +0 hand axe of chaos (weapon)
 g - a +0 short sword
Missiles
 e - 51 stones
 f - 5 boomerangs (quivered)
 m - 21 sling bullets
Armour
 b - a +2 leather armour (worn)
Jewellery
 n - an uncursed amulet of faith {unknown}
Potions
 d - a potion of brilliance {unknown}
 k - 2 potions of lignification {unknown}
Comestibles
 c - a ration
 h - 3 chunks of flesh


   Skills:
 + Level 2.7 Fighting
 + Level 2.8 Axes
 * Level 0.8 Armour
 * Level 2.9 Dodging
 * Level 1.5 Stealth
 * Level 1.0 Spellcasting


You had 4 spell levels left.
You didn't know any spells.
Your spell library was empty.

Dungeon Overview and Level Annotations

Branches:
Dungeon (3/15)

Altars:
Ashenzari


Message History

You see here a rat corpse.
You butcher the rat corpse.
h - 3 chunks of flesh (gained 1)
You see here a rat skeleton.
A worm comes into view.
The worm moves out of view.
The worm bites you.
You hit the worm.
The worm is lightly wounded.
The worm bites you!
You hit the worm.
The worm is poisoned.
The worm is moderately wounded.
You barely miss the worm.
The worm is moderately wounded.
The worm bites you!
* * * LOW HITPOINT WARNING * * *
You hit the worm. You freeze the worm.
The worm is almost dead.
The worm bites you!
You die...

#......#....####...#.#
######.###.## ##.##.#
#.....# #....#
#..##.## #.####
.#######...#..#####.#
....................#
.........#.##########
...#......# #.#.@.###
#._.#.w# ...#.#...# .
..#....# ........#
.#.####..# . #.## #.#


You could see a worm (very poisoned).

Vanquished Creatures
  An ooze (D:1)
  A dart slug (D:1)
  3 giant cockroaches
  4 goblins
  4 hobgoblins (D:1)
  3 jackals (D:1)
  3 bats (D:1)
  4 frilled lizards (D:1)
  5 kobolds (D:1)
  4 rats
32 creatures vanquished.

Notes
Turn   | Place    | Note
-------+----------+-------------------------------------------
     0 | D:1      | Acheron the Deep Elf Chaos Knight began the quest for the
                  | Orb.
     0 | D:1      | Reached XP level 1. HP: 13/13 MP: 3/3
    71 | D:1      | XOM: divination: detect items
    72 | D:1      | XOM: butterfly on damage
   108 | D:1      | XOM: potion effect (haste)
   113 | D:1      | Reached XP level 2. HP: 7/18 MP: 5/5
   409 | D:1      | Reached skill level 1 in Stealth
   462 | D:1      | XOM: silly message
   740 | D:1      | Reached skill level 1 in Spellcasting
   772 | D:1      | Reached XP level 3. HP: 22/22 MP: 6/6
  1236 | D:3      | Found a faded altar of an unknown god.
  1240 | D:3      | Found a shattered altar of Ashenzari.
  1273 | D:3      | Slain by a worm

Illustrated notes

Levels and vault maps discovered:
D:1:      minmay_arrival_arboretum_small, layout_basic
D:2:      layout_rooms, minmay_box_of_dots, uniq_robin, uniq_jessica
D:3:      layout_basic, nicolae_overflow_crystal_walls, doesnt_xom_only_xom,
          elyvilon_altar_4, nicolae_overflow_hidden_temple,
          chequers_ecumenical_altar_simple_redux

Skill      XL: |  1  2 |
---------------+-------+-----
Stealth        | 1 |  1.5
Spellcasting   | 1 |  1.0
Fighting       | |  2.7
Axes           | |  2.8
Armour         | |  0.8
Dodging        | |  2.9

Action                   || total
-------------------------++-------
Melee: Hand axe          ||   103
  Use: Scroll            ||     4
 Stab: Paralysed         ||     3
  Eat: Chunk             ||     1
Armor: Leather armour    ||    32
Dodge: Dodged            ||    67
